 Dungeon Crawl Stone Soup version 0.27-a0-1273-gec92ba881d (webtiles) character file.

Game seed: 9068677952807234124

27 mordus the Poker (level 2, -1/26 HPs)
             Began as a Draconian Monk on June 11, 2021.
             Slain by a gnoll
             ... wielding a +0 whip
              (5 damage)
             ... on level 1 of the Dungeon.
             The game lasted 00:00:48 (1124 turns).

mordus the Poker (Draconian Monk)                   Turns: 1124, Time: 00:00:48

Health: -1/26      AC:  4    Str: 13    XL:     2   Next: 93%
Magic:  2/2        EV: 12    Int: 10    God:
Gold:   51         SH:  0    Dex: 13    Spells: 1/1 levels left

rFire    . . .     SeeInvis .   a - +0 spear
rCold    . . .     Faith    .   (no shield)
rNeg     . . .     Spirit   .   (armour unavailable)
rPois    .         Reflect  .   (helmet restricted)
rElec    .         Harm     .   (no cloak)
rCorr    .         Rampage  .   (no gloves)
Will     .....                  (no boots)
Stlth    ++........             (no amulet)
HPRegen  0.08/turn              (no ring)
MPRegen  0.08/turn              (no ring)

@: no status effects
A: AC +4, unfitting armour, cold-blooded
a: no special abilities


You were on level 1 of the Dungeon.
You visited 1 branch of the dungeon, and saw 2 of its levels.

You collected 51 gold pieces.

Inventory:

Hand Weapons
 a - a +0 spear (weapon)
Potions
 b - a potion of curing {unknown}
 c - a potion of degeneration {unknown}


   Skills:
 - Level 3.2 Fighting
 * Level 3.8 Polearms
 + Level 3.0 Dodging
 - Level 1.7 Stealth


You had one spell level left.
You didn't know any spells.
Your spell library contained the following spells:

 Spells                   Type           Power      Damage    Failure   Level
 Summon Small Mammal      Summ           0%         N/A       36%         1
 Call Imp                 Summ           0%         N/A       50%         2
 Call Canine Familiar     Summ           0%         N/A       75%         3
 Summon Guardian Golem    Hex/Summ       0%         N/A       75%         3
 Summon Ice Beast         Ice/Summ       0%         N/A       98%         4
 Summon Lightning Spire   Summ/Air       0%         N/A       98%         4


Dungeon Overview and Level Annotations

Branches:
Dungeon (2/15)

Altars:

Annotations:
D:2 Jessica


Innate Abilities, Weirdness & Mutations

Your plain brown scales are hard. (AC +4)
You cannot fit into any form of body armour.
You are cold-blooded and may be slowed by cold attacks.


Message History

What level of the Dungeon? (default 1, ? - help)
You see here a +0 short sword.
You see here 24 stones.
There is a stone staircase leading down here.
You climb downwards. 3 gnolls and Jessica come into view.
Jessica is wielding a +3 dagger of speed and carrying a wand of flame (22).
A gnoll is wielding a +2 spear of venom.
Found a dagger.
There is a stone staircase leading up here.
There are monsters nearby!
The helpless gnoll fails to defend itself.
You hit the gnoll but do no damage.
Jessica shouts!
The gnoll shouts! x2; You hear a shout!
You hit the gnoll.
The gnoll is moderately wounded.
The gnoll hits you with a +0 whip.
Jessica gestures wildly while chanting.
Jessica blinks!
There are monsters nearby!
You closely miss the gnoll.
The gnoll is moderately wounded.
A hobgoblin comes into view.
The gnoll closely misses you. The gnoll hits you with a +0 club.
There are monsters nearby!
You hit the gnoll.
The gnoll is heavily wounded.
The gnoll hits you but does no damage. The gnoll misses you.
The gnoll misses you. The gnoll completely misses you.
The gnoll hits you with a +0 club!
You climb upwards.
There is a stone staircase leading down here.
The gnoll closely misses you. The gnoll hits you with a +0 club.
* * * LOW HITPOINT WARNING * * *
The gnoll completely misses you. The gnoll hits you with a +0 club.
* * * LOW HITPOINT WARNING * * *
You hit the gnoll but do no damage.
The gnoll is heavily wounded.
The gnoll hits you with a +0 whip.
You die...

......# .#.#### #..# .#.#
##.# ...# ####
######################
#.....>..............#
#.#########@#..#.###.#
###.# #g#..#.###.# #...#
#g#.....##.# #.###
#.##.......#
####.###########.......#..#
(........##.......#.......#
#..#.#.#.##.......#.###>†##
...#.#.#.##.......#.###..#
)..#.#............#......#


You could see 2 gnolls.

Vanquished Creatures
  A dart slug (D:1)
  A bat (D:1)
  2 endoplasms (D:1)
  A giant cockroach (D:1)
  3 hobgoblins (D:1)
  6 jackals (D:1)
  2 ball pythons (D:1)
  2 frilled lizards (D:1)
  3 kobolds (D:1)
  2 rats (D:1)
23 creatures vanquished.

Notes
Turn   | Place    | Note
-------+----------+-------------------------------------------
     0 | D:1      | mordus the Draconian Monk began the quest for the Orb.
     0 | D:1      | Reached XP level 1. HP: 19/19 MP: 1/1
   249 | D:1      | Reached XP level 2. HP: 26/26 MP: 2/2
  1107 | D:2      | Noticed Jessica
  1124 | D:1      | Slain by a gnoll

Illustrated notes

Levels and vault maps discovered:
D:1:      sevenhm_arrival_forest_fort_small_3, layout_loops_cross,
          chequers_serial_rivers_large_b
D:2:      layout_loops_corners, st_stairs_12, uniq_jessica, uniq_natasha

Skill      XL: |  1  2 |
---------------+-------+-----
Dodging        | 3 |  3.0
Fighting       | |  3.2
Polearms       | |  3.8
Stealth        | |  1.7

Action                   || total
-------------------------++-------
Melee: Spear             ||    94
       Tailslap          ||     7
 Stab: Sleeping          ||     4
Armor: Skin              ||    28
Dodge: Dodged            ||    57

Table legend: (Time is in decaauts)
 A = Elapsed time spent in this place.
 B = Non-inter-level travel time spent in this place.
 C = Inter-level travel time spent in this place.
 D = Time resting spent in this place.
 E = Time spent auto-exploring this place.
 F = Levels seen in this place.
 G = Mean time per level.
                   A        B        C        D        E       F      G
               +--------+--------+--------+--------+--------+-----+--------+
         Total |   1147 |   1110 |     37 |    196 |    757 |   2 |  573.5 |
       Dungeon |   1147 |   1110 |     37 |    196 |    757 |   2 |  573.5 |
               +--------+--------+--------+--------+--------+-----+--------+

Top non-repeatable levels by time:
     D:1: 1142 daAuts
     D:2: 5 daAuts
